 Dungeon Crawl Stone Soup version 0.29.1-2-gbd0b4ee654 (webtiles) character file.

Game seed: 1577961648873642233

38 jamesblauser the Magician (level 3, -1/25 HPs)
             Began as a Djinni Hedge Wizard on Nov 6, 2022.
             Slain by a worm (3 damage)
             ... on level 2 of the Dungeon.
             The game lasted 00:08:36 (2072 turns).

jamesblauser the Magician (Djinni Hedge Wizard)     Turns: 2072, Time: 00:08:37

Health: -1/25      AC: 10    Str:  9 (11) XL:     3   Next: 65%
Gold:   23         EV:  0    Int: 12 (15) God:
                   SH:  0    Dex:  9 (12)

rFire   + + .      SeeInvis .   a - +0 dagger
rCold   x . .      Faith    .   (no shield)
rNeg    . . .      Spirit   .   f - +0 plate armour
rPois   ∞          Reflect  .   c - +0 hat
rElec   .          Harm     .   (no cloak)
rCorr   .          Rampage  .   (no gloves)
Will    .....                   (boots unavailable)
Stlth   ..........              (no amulet)
HPRegen 0.08/turn               (no ring)
MPRegen 0.00/turn               (no ring)

@: flying
A: sickness immunity, fire resistance 2, cold vulnerability 1, float, innate
caster, HP casting, extra vitality 1
a: no special abilities


You were on level 2 of the Dungeon.
You visited 1 branch of the dungeon, and saw 2 of its levels.

You collected 23 gold pieces.

Inventory:

Hand Weapons
 a - a +0 dagger (weapon)
Armour
 b - a +0 robe
 c - a +0 hat (worn)
 e - a +0 leather armour
 f - a +0 plate armour (worn)


   Skills:
 + Level 0.2 Armour
 + Level 2.4 Dodging
 + Level 1.8 Stealth
 + Level 3.2 Spellcasting


You couldn't memorise any spells.
You knew the following spells:

 Your Spells              Type           Power      Damage    Failure   Level
a - Magic Dart            Conj           36%        1d4       100%        1
b - Blink                 Tloc           18%        N/A       100%        2
c - Call Imp              Summ           9%         N/A       100%        2
d - Slow                  Hex            36%        N/A       100%        1
e - Conjure Flame         Conj/Fire      9%         6-21      100%        3
f - Mephitic Cloud        Conj/Pois/Air  9%         N/A       100%        3
g - Sandblast             Erth           18%        2d7       100%        1
Your spell library was empty.


Dungeon Overview and Level Annotations

Branches:
Dungeon (2/15)

Altars:

Shops:
D:1 (


Innate Abilities, Weirdness & Mutations

You are immune to sickness and miasma.
You are immune to poison.
Your flesh is very heat resistant. (rF++)
You are vulnerable to cold. (rC-)
You float through the air rather than walking.
You learn spells naturally, not from books.
Your magical power is your life essence.
You have superior vitality. (+4 MHP)


Message History

The quokka bites you but does no damage.
The goblin hits you but does no damage.
You hit the worm.
The worm is lightly wounded.
The quokka bites you but does no damage.
The worm bites you but does no damage. The goblin hits you but does no damage.
You barely miss the worm.
The worm is lightly wounded.
The quokka bites you. The goblin hits you with a +0 club.
* * * LOW HITPOINT WARNING * * *
You hit the worm.
The worm is lightly wounded.
The quokka bites you but does no damage.
The worm bites you.
* * * LOW HITPOINT WARNING * * *
The goblin hits you but does no damage.
You hit the worm.
The worm is lightly wounded.
The quokka bites you but does no damage. x2
The goblin hits you but does no damage. The worm bites you but does no damage.
You hit the worm but do no damage.
The worm is lightly wounded.
The quokka bites you but does no damage.
The goblin hits you but does no damage.
You hit the worm but do no damage.
The worm is lightly wounded.
The quokka bites you but does no damage.
The worm bites you.
* * * LOW HITPOINT WARNING * * *
The goblin hits you but does no damage.
You barely miss the worm.
The worm is lightly wounded.
The quokka bites you.
* * * LOW HITPOINT WARNING * * *
The goblin hits you but does no damage.
You hit the worm but do no damage.
The worm is lightly wounded.
The quokka bites you but does no damage.
The worm bites you.
You die...

######### #...# #
........# #...# ##.
##......# #...# ...
.......# #...# ###.
#.....# #...##+#...
#.....# #........#.
#.g...####........##
#..@w..........†....
#.r...###..........#
#..../# #.......#...
.....)###
#.#+#?#.#... #######
#.# #.#.#### #.#
..#.. #.######## #..


You could see a worm, a quokka and a goblin.

Vanquished Creatures
  5 ball pythons
  4 bats (D:1)
  3 endoplasms
  2 giant cockroaches (D:1)
  4 goblins (D:1)
  2 jackals (D:1)
  6 kobolds (D:1)
  3 quokkas (D:1)
  A frilled lizard (D:1)
  4 rats
34 creatures vanquished.

Notes
Turn   | Place    | Note
-------+----------+-------------------------------------------
     0 | D:1      | jamesblauser the Djinni Hedge Wizard began the quest for
                  | the Orb.
     0 | D:1      | jamesblauser set off with the following spells memorised:
                  | Magic Dart, Blink, Call Imp, Slow, Conjure Flame, Mephitic
                  | Cloud.
     0 | D:1      | Reached XP level 1. HP: 15/15 MP: 0/0
   128 | D:1      | Reached XP level 2. HP: 14/21 MP: 0/0
   641 | D:1      | Reached skill level 3 in Spellcasting
   840 | D:1      | Reached XP level 3. HP: 20/25 MP: 0/0
   840 | D:1      | Learned a level 1 spell: Sandblast
  1541 | D:1      | Found Geetaos's Antique Weapon Emporium.
  2072 | D:2      | Slain by a worm

Illustrated notes

Levels and vault maps discovered:
D:1:      minmay_arrival_five_plusses, layout_basic, serial_shops,
          nicolae_shop_behind_doors, serial_glass, glass_columns_a,
          glass_columns_b, glass_columns_a, glass_columns_b
D:2:      layout_basic, serial_shops, shop, minmay_hedge_maze

Skill      XL: |  1  2 |
---------------+-------+-----
Spellcasting   | 3 |  3.2
Armour         | |  0.2
Dodging        | |  2.4
Stealth        | |  1.8

Action                   || total
-------------------------++-------
Melee: Dagger            ||    91
       Punch             ||     1
 Cast: Magic Dart        ||    57
  Use: Potion            ||     1
Armor: Plate armour      ||   140
       Leather armour    ||     1
Dodge: Dodged            ||     8
